 Dungeon Crawl Stone Soup version 0.30-a0-385-gfebfb9b408 (webtiles) character file.

Game seed: 13224773426251090589

51 tio the Grave Robber (level 3, -2/24 HPs)
             Began as a Demonspawn Necromancer on Dec 2, 2022.
             Killed from afar by an orc wizard (6 damage)
             ... with a puff of flame
             ... on level 3 of the Dungeon.
             The game lasted 00:09:16 (1484 turns).

tio the Grave Robber (Demonspawn Necromancer)       Turns: 1484, Time: 00:09:16

Health: -2/24      AC:  9    Str:  8    XL:     3   Next: 58%
Magic:  3/6        EV: 12    Int: 18    God:
Gold:   66         SH:  0    Dex: 13    Spells: 5/6 levels left

rFire   . . .      SeeInvis .    d - +0 hand axe
rCold   . . .      Faith    .    (no shield)
rNeg    . . .      Spirit   .    a - +0 robe
rPois   .          Reflect  .    (no helmet)
rElec   .          Harm     .    i - +0 cloak
rCorr   .          Rampage  .    (no gloves)
Will    .....                    (no boots)
Stlth   ++........               (no amulet)
HPRegen 0.24/turn                (no ring)
MPRegen 0.10/turn                (no ring)

@: sanguine armoured
A: sanguine armour 1
a: no special abilities


You were on level 3 of the Dungeon.
You visited 1 branch of the dungeon, and saw 3 of its levels.

You collected 66 gold pieces.

Inventory:

Hand Weapons
 d - a +0 hand axe (weapon)
Missiles
 h - 10 poisoned darts
Armour
 a - a +0 robe (worn)
 i - a +0 cloak (worn)
Scrolls
 l - a scroll of blinking
 m - a scroll of vulnerability
Potions
 b - a potion of magic
 c - a potion of brilliance
 f - a potion of cancellation {unknown}
 k - a potion of degeneration {unknown}
 n - a potion of haste {unknown}


   Skills:
 + Level 0.6 Axes
 + Level 1.8 Dodging
 + Level 2.0 Stealth
 + Level 2.4 Spellcasting
 + Level 5.3 Necromancy


You had 5 spell levels left.
You knew the following spells:

 Your Spells              Type           Power      Damage    Failure   Level
a - Necrotise             Necr           84%        1d8       1%          1

Your spell library contained the following spells:

 Spells                   Type           Power      Damage    Failure   Level
 Vampiric Draining        Necr           21%        2d7       6%          3
 Animate Dead             Necr           21%        N/A       19%         4
 Agony                    Necr           21%        N/A       47%         5


Dungeon Overview and Level Annotations

Branches:
Dungeon (3/15)

Altars:


Innate Abilities, Weirdness & Mutations

When seriously injured, your blood forms armour. (AC +6)


Message History

Are you sure you want to stumble around while confused and next to your orc skeleton?
Something hits you but does no damage.
Things that are here:
a +0 club; a +0 leather armour; an orc corpse Are you sure you want to stumble around while confused and next to your orc skeleton?
You miss something.
You feel less confused. Something hits you but does no damage.
You hear some strange, mumbled words.
You are confused.
Are you sure you want to stumble around while confused and next to your orc skeleton? [Y]es or [N]o only, please.
Are you sure you want to stumble around while confused and next to your orc skeleton?
Something hits you but does no damage.
Are you sure you want to stumble around while confused and next to your orc skeleton?
You completely miss something.
You hear some strange, mumbled words.
Something tries to affect you, but you resist.
Are you sure you want to stumble around while confused and next to your orc skeleton? [Y]es or [N]o only, please.
Are you sure you want to stumble around while confused and next to your orc skeleton?
Something hits your orc skeleton.
Are you sure you want to stumble around while confused and next to your orc skeleton?
Are you sure you want to stumble around while confused and next to your orc skeleton?
You bump into the rock wall.
Your orc skeleton crumbles into dust!
A magic dart appears from out of thin air!
The magic dart hits you.
You feel less confused.
A magic dart appears from out of thin air!
The magic dart hits you!
* * * LOW HITPOINT WARNING * * *
As you read the scroll of fog, it crumbles to dust.
The scroll dissolves into smoke.
Something hits you but does no damage.
You closely miss something.
You hear some strange, mumbled words.
A puff of flame appears from out of thin air!
The puff of flame hits you.
You die...

#....# ##....#
.....# ##....#
#.....# #.##..#
#..)..# #
#..)..########.#
#..)..§§§§{@§§.#
####.###########
..... ##....#
#...... #.....#.
#...... ###


There were no monsters in sight!

Vanquished Creatures
  A worm (D:2)
  A dart slug (D:2)
  3 orcs (D:3)
  4 ball pythons
  A bat (D:1)
  5 endoplasms
  2 giant cockroaches (D:1)
  4 goblins
  4 hobgoblins
  4 kobolds
  3 rats
32 creatures vanquished.

Vanquished Creatures (collateral kills)
  A hobgoblin (D:1)
  2 jackals (D:1)
  A quokka (D:1)
  A frilled lizard (D:1)
5 creatures vanquished.

Grand Total: 37 creatures vanquished

Notes
Turn   | Place    | Note
-------+----------+-------------------------------------------
     0 | D:1      | tio the Demonspawn Necromancer began the quest for the Orb.
     0 | D:1      | Reached XP level 1. HP: 13/13 MP: 3/3
   148 | D:1      | Gained mutation: When seriously injured, your blood forms
                  | armour. (AC +6) [demonic ancestry]
   148 | D:1      | Reached XP level 2. HP: 19/19 MP: 3/5
   437 | D:1      | Reached skill level 5 in Necromancy
   725 | D:2      | Reached XP level 3. HP: 24/24 MP: 0/6
  1484 | D:3      | Killed from afar by an orc wizard

Illustrated notes

Levels and vault maps discovered:
D:1:      doesnt_arrival_eight_statues, layout_rooms
D:2:      layout_loops_ring
D:3:      layout_basic, nicolae_elevator_lobby_plus, uniq_natasha, uniq_terence,
          uniq_jessica, uniq_sigmund

Skill      XL: |  1  2  3 |
---------------+----------+-----
Necromancy     | 5 |  5.3
Stealth        | 2 |  2.0
Axes           | |  0.6
Dodging        | |  1.8
Spellcasting   | |  2.4

Action                   || total
-------------------------++-------
Melee: Hand axe          ||    44
 Cast: Necrotise         ||    50
  Use: Scroll            ||     7
Armor: Robe              ||    22
Dodge: Dodged            ||    39

Table legend: (Time is in decaauts)
 A = Elapsed time spent in this place.
 B = Non-inter-level travel time spent in this place.
 C = Inter-level travel time spent in this place.
 D = Time resting spent in this place.
 E = Time spent auto-exploring this place.
 F = Levels seen in this place.
 G = Mean time per level.
                   A        B        C        D        E       F      G
               +--------+--------+--------+--------+--------+-----+--------+
         Total |   1495 |   1425 |     70 |      0 |   1182 |   3 |  498.3 |
       Dungeon |   1495 |   1425 |     70 |      0 |   1182 |   3 |  498.3 |
               +--------+--------+--------+--------+--------+-----+--------+

Top non-repeatable levels by time:
     D:2: 841 daAuts
     D:1: 615 daAuts
     D:3: 39 daAuts
